 Dungeon Crawl Stone Soup version 0.20-a0-492-g6327889 (webtiles) character file.

521291 nubinia the Annihilator (level 25, 127/127 HPs)
             Began as a Tengu Conjurer on Dec 17, 2016.
             Was the Champion of Sif Muna.
             Quit the game on level 2 of the Depths on Jan 15, 2017.
             The game lasted 11:04:36 (81443 turns).

nubinia the Annihilator (Tengu Conjurer)           Turns: 81443, Time: 11:04:37

Health: 127/127    AC: 17    Str: 13    XL:     25   Next: 89%
Magic:  18/62      EV: 16    Int: 25    God:    Sif Muna [******]
Gold:   4890       SH:  8    Dex: 18    Spells: 1/63 levels left

rFire    . . .     SeeInvis .   a - staff of power
rCold    . . .     Gourm    .   X - +2 leather armour of Grace {rElec rPois Stlth+}
rNeg     + . .     Faith    .   G - +2 buckler {reflect}
rPois    +         Spirit   .   z - +2 hat
rElec    +         Reflect  +   Z - +2 cloak {MR+}
rCorr    .         Harm     .   M - +2 pair of gloves {Str+3}
MR       +++..                  (boots unavailable)
Stlth    ++++......             H - amulet of magic regeneration
Regen    0.3/turn               U - ring of positive energy
                                g - +3 ring of protection

@: delayed fireball, deflect missiles, divine energy
A: beak, talons 3, clever 1, magic resistance 1, wild magic 1, able to fly 2
}: 2/15 runes: decaying, gossamer
a: Fly, Stop Divine Energy, Channel Magic, Forget Spell, Renounce Religion,
Release Delayed Fireball


You were on level 2 of the Depths.
You worshipped Sif Muna.
Sif Muna was exalted by your worship.
You were not hungry.

You visited 9 branches of the dungeon, and saw 43 of its levels.
You visited the Abyss 1 time.
You also visited: Labyrinth, Sewer, Ossuary, Ice Cave, Volcano and Wizlab.

You collected 6077 gold pieces.
You spent 1187 gold pieces at shops.

Inventory:

Hand Weapons
 b - a +4 falchion of protection
 P - a +0 blowgun
Missiles
 R - 13 curare-tipped needles
Armour
 z - a +2 hat (worn)
 G - a +2 buckler of reflection (worn)
 M - a +2 pair of gloves of strength (worn)
 X - the +2 leather armour of Grace (worn) {rElec rPois Stlth+}
   (You bought it in a shop on level 10 of the Dungeon)

   It insulates you from electricity.
   It protects you from poison.
   It makes you more stealthy.
 Z - a +2 cloak of magic resistance (worn)
Magical Staves
 a - an uncursed staff of power (weapon)
Jewellery
 g - a +3 ring of protection (left hand)
 k - a +3 ring of protection
 l - a ring of the Octopus King {AC+1 EV+1 Str+1 Int+1 Dex+1 Stlth+}
   (You took it off a deep elf demonologist on level 1 of the Elven Halls)

   [ring of stealth]

   It affects your AC (+1).
   It affects your evasion (+1).
   It affects your strength (+1).
   It affects your intelligence (+1).
   It affects your dexterity (+1).
   It makes you more stealthy.
 u - the ring "Zoaqen" {rElec rC- MR+ Int+2 Dex+2 SInv}
   (You took it off a deep elf death mage on level 3 of the Elven Halls)

   [ring of protection from magic]

   It affects your intelligence (+2).
   It affects your dexterity (+2).
   It makes you vulnerable to cold.
   It insulates you from electricity.
   It affects your resistance to hostile enchantments.
   It lets you see invisible.
 F - the ring "Uvue" {rN+ MR- Dex+3 Stlth-}
   (You found it on level 10 of the Dungeon)

   [ring of loudness]

   It affects your dexterity (+3).
   It protects you from negative energy.
   It affects your resistance to hostile enchantments.
   It makes you less stealthy.
 H - an amulet of magic regeneration (around neck)
 I - the ring of Xom's Malicious Joy {*Tele rC+ Str+5 Dex+2 Stlth-}
   (You took it off a skeletal warrior on level 3 of the Crypt)

   [ring of teleportation]

   It may teleport you next to monsters.
   It affects your strength (+5).
   It affects your dexterity (+2).
   It protects you from cold.
   It makes you less stealthy.
 U - a ring of positive energy (right hand)
 W - an uncursed ring of fire
Wands
 m - a wand of digging (9/24)
 C - a wand of lightning (7/15)
 J - a wand of acid (5/15)
Scrolls
 d - a scroll of holy word
 h - 21 scrolls of identify
 i - 11 scrolls of recharging
 n - 15 scrolls of teleportation
 p - a scroll of amnesia
 q - 16 scrolls of remove curse
 r - 9 scrolls of fear
 w - a scroll of enchant armour
 D - 8 scrolls of summoning
 L - 3 scrolls of blinking
 V - a scroll of magic mapping
 Y - 4 scrolls of fog
Potions
 e - 5 potions of brilliance
 f - 5 potions of invisibility
 o - 5 potions of agility
 s - 15 potions of curing
 t - 10 potions of haste
 y - 3 potions of magic
 B - 4 potions of heal wounds
 K - a potion of cancellation
 T - 2 potions of resistance
Books
 O - Sif Muna's Incunabulum of Hurtful Air
   (Sif Muna gifted it to you on level 2 of the Depths)

   Spells                             Type                      Level
   a - Throw Flame                    Conjuration/Fire             2
   b - Static Discharge               Conjuration/Air              3
   c - Venom Bolt                     Conjuration/Poison           5
   d - Deflect Missiles               Charms/Air                   6
   e - Chain Lightning                Conjuration/Air              8
Miscellaneous
 c - a fan of gales
 A - a phial of floods
 E - a sack of spiders
 N - a phantom mirror
 S - a lamp of fire
Comestibles
 j - 8 chunks of flesh
 v - a bread ration
 x - 49 fruits


   Skills:
 + Level 4.3 Fighting
   Level 1.6(3.8) Short Blades
 + Level 5.4(5.5) Long Blades
   Level 0.4 Polearms
 + Level 7.0 Armour
 + Level 6.3 Dodging
 + Level 6.6 Stealth
 + Level 5.6 Shields
 + Level 19.8 Spellcasting
 O Level 27 Conjurations
 + Level 7.8 Charms
 * Level 11.7 Summonings
 + Level 6.6 Necromancy
 + Level 3.4 Translocations
 * Level 15.6 Fire Magic
 * Level 20.8 Air Magic
 + Level 1.7 Invocations
 + Level 1.8 Evocations


You had one spell level left.
You knew the following spells:

 Your Spells              Type           Power        Failure   Level  Hunger
a - Magic Dart            Conj           ####         1%          1    None
b - Iskenderun's Mystic   Conj           ########     1%          4    None
c - Mephitic Cloud        Conj/Pois/Air  #######.     1%          3    None
d - Force Lance           Conj/Tloc      #######.     1%          4    None
e - Lightning Bolt        Conj/Air       ########..   1%          5    None
f - Fireball              Conj/Fire      ########..   1%          5    None
g - Sticky Flame          Conj/Fire      ########     1%          4    None
h - Deflect Missiles      Chrm/Air       #######...   1%          6    ##.....
i - Iskenderun's Battles  Conj/Chrm      #######.     1%          5    None
j - Bolt of Draining      Conj/Necr      #######...   1%          5    None
k - Summon Lightning Spi  Summ/Air       #######.     1%          4    None
l - Inner Flame           Hex/Fire       ######..     1%          3    None
m - Delayed Fireball      Conj/Fire      N/A          1%          7    #####..
n - Blink                 Tloc           N/A          1%          2    None
o - Spellforged Servitor  Conj/Summ      ########..   1%          7    #####..
s - Swiftness             Chrm/Air       #######.     1%          2    None


Dungeon Overview and Level Annotations

Branches:
Dungeon (15/15)            Temple (0/1) D:5            Lair (6/6) D:9
  Swamp (4/4) Lair:4       Spider (4/4) Lair:2        Slime (0/5) Lair:6
    Orc (2/2) D:11            Elf (3/3) Orc:2        Vaults (4/5) D:13
  Crypt (3/3) Vaults:3       Tomb (0/3) Crypt:3      Depths (2/5) D:15

Altars:
Ashenzari
Cheibriados
Dithmenos
Gozag
Hepliaklqana
Kikubaaqudgha
Makhleb
Okawaru
Qazlal
Sif Muna
Trog
Xom
Yredelemnul
The Shining One
Beogh
Jiyva

Shops:
D:10 [(:   Orc:2 !:?(   Elf:1 *   Elf:2 *=}=   Vaults:4 (

Portals:
Hell: Depths:1 Depths:2
Abyss: Depths:1
Pandemonium: Orc:2 Depths:2
Trove: D:13 (give +5 demon trident)

Annotations:
D:3 junb69's ghost, amateur MfTm


Innate Abilities, Weirdness & Mutations

You have a beak for a mouth.
You have claws for feet.
You can fly continuously.
Your mind is acute. (Int +2)
You are resistant to hostile enchantments. (MR+)
Your spells are a little harder to cast, but a little more powerful.


Message History

The cyan ugly thing is almost dead.
Unknown command.
Unknown command.
Unknown command.
Casting: Magic Dart
Confirm with . or Enter, or press ? or * to list all spells.
Aiming: Magic Dart
Press: ? - help, Shift-Dir - straight line, f/p - cyan ugly thing
Aim: a cyan ugly thing (almost dead)
The magic dart hits the cyan ugly thing.
The cyan ugly thing is almost dead.
Your battlesphere fires!
The barrage of energy hits the cyan ugly thing.
You kill the cyan ugly thing!
Sif Muna accepts your kill.
Your battlesphere expends the last of its energy and dissipates.
Welcome back, nubinia the Tengu Conjurer.
Sif Muna whispers: I know many secrets...
Press ? for a list of commands and other information.
Are you sure you want to abandon this character and quit the game? (Confirm with "yes".)

.. .. .######'###
#......†... #...§.....)
#.....†.... ... #..........
... #..........
...###########..@[......
#............#'############
#............'......#.....#
#...........∩#......#.....#
#............#......#...*.#
##...<........###...######'#
.######.........#...###....#
.#
#.........#...#......######
.#
#.........#...#....[.'.....


There were no monsters in sight!

Vanquished Creatures
  An ancient lich (Crypt:3)
  2 juggernauts (Depths:2)
  Sojobo (Vaults:2)
  Saint Roka (Vaults:3)
  A bone dragon (Crypt:3)
  A Hellbinder (WizLab)
  2 liches (Crypt:3)
  Asterion (Vaults:1)
  A deep elf blademaster (Elf:3)
  A titan (Depths:2)
  Frances (D:12)
  An ancient champion (Crypt:3)
  3 thorn hunters (Swamp:3)
  2 tengu reavers (Vaults:2)
  2 revenants (Crypt:2)
  9 vault wardens
  11 emperor scorpions
  Louise (D:14)
  4 frost giants
  5 deep elf sorcerers
  2 ghost moths (Spider:4)
  An iron dragon (Depths:2)
  2 balrugs (WizLab)
  3 deep elf elementalists (Elf:3)
  9 ironheart preservers
  3 reapers
  6 entropy weavers
  7 ghouls
  16 very ugly things
  10 stone giants
  5 vampire knights
  4 war gargoyles
  The ghost of Yermak the Basher, a journeyman GrWn of Makhleb (Spider:1)
  7 deep elf demonologists
  A red draconian (Volcano)
  8 deep elf annihilators
  2 spark wasps (Depths:2)
  4 ettins
  A green death (WizLab)
  3 crystal guardians (Crypt:3)
  8 eidola
  12 deep elf death magi
  5 fire dragons
  A minotaur (Lab)
  6 deep elf high priests
  13 jiangshi
  Josephine (D:13)
  6 yaktaur captains
  3 great orbs of eyes (Depths:1)
  2 hell beasts
  Fannar (D:10)
  2 rakshasas (Depths:2)
  Erolcha (D:10)
  2 vault guards
  5 ice dragons
  4 centaur warriors
  19 hydras
  5 alligators
  4 death knights
  18 dancing weapons
  2 catoblepae
  51 two-headed ogres
  6 death yaks
  A deep troll shaman (Crypt:1)
  2 tengu warriors (D:11)
  15 ogre magi
  2 deep troll earth magi
  A titan zombie (Crypt:3)
  7 orc high priests
  7 vampire magi
  A soul eater (WizLab)
  Urug (D:10)
  A storm dragon zombie (Crypt:2)
  17 deep elf knights
  3 sun demons
  A titan skeleton (Crypt:3)
  A shadow wraith (Vaults:4)
  5 hell knights (Crypt:3)
  An iron giant zombie (Crypt:1)
  36 skeletal warriors
  A storm dragon skeleton (Crypt:3)
  2 flayed ghosts
  2 anaconda zombies
  3 glowing orange brains
  4 unseen horrors
  4 deep trolls
  A gelid demonspawn (Orc:2)
  12 ironbrand convokers
  An unseen horror (shapeshifter) (Depths:2)
  An anaconda skeleton (Crypt:2)
  A swamp dragon (shapeshifter) (D:15)
  A golden dragon skeleton (Crypt:2)
  6 wizards
  2 shambling mangroves
  Pikel (D:8)
  An obsidian statue (Vaults:3)
  A wolf spider zombie (D:15)
  3 lindwurms (Swamp:4)
  5 phantasmal warriors
  8 swamp dragons
  19 orc knights
  3 harpies (Vaults:4)
  11 deep elf archers
  14 necromancers
  30 ugly things
  A stone giant zombie (Vaults:3)
  20 orb spiders
  62 deep elf magi
  A manticore (D:14)
  8 orc sorcerers
  An iron dragon zombie (Crypt:3)
  26 wolf spiders
  12 elephants
  A moth of wrath (Spider:1)
  A fire giant skeleton (Crypt:1)
  A shock serpent zombie (Crypt:1)
  A frost giant skeleton (Vaults:1)
  4 cyclopes
  A rust devil (WizLab)
  2 spectral iron trolls (Crypt:1)
  6 black mambas
  3 molten gargoyles
  2 ice statues (IceCv)
  11 vault sentinels
  An eye of devastation (shapeshifter) (Depths:2)
  An orange demon (WizLab)
  Psyche (D:12)
  A gargoyle (D:12)
  2 hellions (WizLab)
  21 spiny frogs
  6 freezing wraiths
  22 demonic crawlers
  26 yaktaurs
  2 kobold demonologists (WizLab)
  7 komodo dragons
  6 rime drakes
  A spectral deep troll (Crypt:1)
  A yaktaur (shapeshifter) (Depths:1)
  A hellwing (Orc:2)
  11 ice devils
  A yaktaur skeleton (Vaults:1)
  2 red devils
  3 tengu conjurers
  A harpy zombie (D:15)
  10 trolls
  47 jumping spiders
  A polar bear (Lair:6)
  A queen bee (Spider:4)
  A meliai (shapeshifter) (Vaults:4)
  5 tyrant leeches
  14 hornets
  A queen bee (shapeshifter) (D:15)
  5 meliai
  10 blink frogs
  5 bog bodies
  25 slime creatures
  2 ice dragon zombies (Crypt:3)
  A wolf spider simulacrum (Crypt:2)
  A fire dragon zombie (Crypt:3)
  Grinder (D:5)
  14 hippogriffs
  35 flying skulls
  82 redbacks
  A spriggan (Swamp:2)
  A vampire (D:14)
  30 tarantellas
  3 water elementals
  6 air elementals
  5 shadows
  An ice dragon skeleton (Crypt:3)
  8 wyverns
  7 basilisks
  6 wraiths
  A yak (shapeshifter) (Depths:2)
  4 ynoxinuls
  5 fire elementals
  19 humans (D:13)
  18 yaks
  6 fire bats
  A steam dragon (D:14)
  A steam dragon (shapeshifter) (D:15)
  5 hungry ghosts
  11 vampire mosquitoes
  6 acid dragons
  24 swamp worms
  9 insubstantial wisps
  An acid dragon (shapeshifter) (Vaults:4)
  An ogre zombie (Vaults:1)
  4 wargs
  15 water moccasins
  10 swamp drakes
  12 porcupines
  A hell hound (Lair:4)
  A merfolk skeleton (Crypt:3)
  An infernal demonspawn skeleton (Crypt:1)
  57 orc warriors
  A phantom (D:10)
  3 slaves (D:8)
  9 ice beasts
  An ice dragon simulacrum (Vaults:1)
  9 sky beasts
  6 black bears
  43 ogres
  A snapping turtle zombie (Crypt:3)
  7 necrophages
  14 wolves
  7 boggarts
  A snapping turtle skeleton (Crypt:2)
  A manticore skeleton (Crypt:3)
  15 centaurs
  10 crocodiles
  2 human skeletons
  2 crocodiles (shapeshifter) (D:15)
  3 big kobolds
  A bullfrog (shapeshifter) (D:15)
  12 bullfrogs
  2 earth elementals
  6 scorpions
  A troll zombie (Crypt:1)
  Dowan (D:7)
  A water moccasin skeleton (Crypt:1)
  2 human simulacra
  31 killer bees
  3 wights (Crypt:3)
  A polar bear skeleton (Crypt:2)
  2 howler monkeys
  7 electric eels
  6 lava snakes (Volcano)
  3 centaur zombies
  12 crimson imps
  3 quasits
  4 human zombies
  3 bullfrog zombies
  9 jellies
  30 orc priests
  2 bullfrog skeletons
  10 hounds
  2 iguanas
  A porcupine zombie (Crypt:2)
  7 worker ants
  21 orc wizards
  A tengu zombie (Crypt:2)
  A felid skeleton (Crypt:1)
  A sky beast zombie (Crypt:2)
  An ogre skeleton (Crypt:1)
  5 mummies (Ossuary)
  2 hound skeletons
  9 adders
  3 gnolls (D:5)
  3 shadow imps
  9 white imps
  11 ufetubi
  An adder zombie (D:7)
  6 oozes
  8 worms
  4 dart slugs
  5 leopard geckos
  114 orcs
  13 giant cockroaches
  A gnoll zombie (Ossuary)
  10 goblins
  7 hobgoblins
  9 jackals
  17 kobolds
  2 quokkas
  4 ball pythons
  15 bats
  8 frilled lizards
  A goblin zombie (Ossuary)
  A hobgoblin zombie (Ossuary)
  A kobold zombie (Ossuary)
  A leopard gecko skeleton (D:8)
  An orc zombie (Ossuary)
  A quokka skeleton (Crypt:1)
  9 rats
  8 briar patches (Swamp:3)
  A bush (Lair:6)
  2 fungi (Lair:4)
1999 creatures vanquished.

Vanquished Creatures (collateral kills)
  Frederick (Vaults:2)
  A deep elf master archer (Elf:3)
  A thorn hunter (Swamp:3)
  A vault warden (Vaults:2)
  A deep elf sorcerer (Elf:3)
  2 ghouls (Crypt:1)
  5 ironheart preservers
  3 stone giants
  3 very ugly things (Depths:2)
  A fire dragon (Vaults:3)
  A green death (WizLab)
  A hell beast (WizLab)
  A vault guard (Vaults:3)
  A rakshasa (Depths:1)
  3 ogre magi
  4 hydras
  An ice dragon (Depths:1)
  A spriggan air mage (Depths:2)
  A ghost crab (Swamp:3)
  A catoblepas (D:13)
  2 centaur warriors (Vaults:1)
  2 alligators
  6 two-headed ogres
  2 tengu warriors
  A death yak (Lair:4)
  A deep troll shaman (Lair:6)
  3 orc high priests (Orc:2)
  A soul eater (Depths:2)
  A vampire mage (Crypt:2)
  2 deep elf knights
  7 skeletal warriors
  A swamp dragon (Swamp:2)
  2 infernal demonspawn (Orc:2)
  4 deep trolls
  A flayed ghost (Depths:2)
  A shambling mangrove (Swamp:2)
  2 deep elf archers
  A golden dragon skeleton (Crypt:1)
  A lindwurm (Lair:6)
  An ironbrand convoker (Vaults:3)
  3 orc knights
  A deep elf mage (Elf:1)
  A cyclops (Orc:2)
  2 wolf spiders (Spider:4)
  3 ugly things
  2 orc sorcerers
  4 vault sentinels
  14 elephants
  4 spiny frogs
  3 komodo dragons
  An efreet (D:15)
  2 yaktaurs
  A centaur skeleton (D:11)
  A white draconian skeleton (Crypt:1)
  A freezing wraith (Crypt:1)
  An ice devil (Depths:2)
  A jumping spider (Spider:4)
  A meliai (D:15)
  A hornet (Swamp:1)
  A jumping spider (shapeshifter) (Vaults:2)
  A bog body (Swamp:1)
  5 dream sheep (Lair:5)
  2 slime creatures
  3 hippogriffs
  5 redbacks
  An air elemental (Depths:2)
  2 wyverns
  A wraith (D:13)
  A tarantella (Spider:2)
  7 yaks
  2 vampire mosquitoes (Swamp:3)
  A hungry ghost (D:11)
  2 insubstantial wisps (Swamp:1)
  6 swamp worms
  6 orc warriors
  4 swamp drakes
  2 necrophages
  2 wolves (Lair:6)
  4 ogres
  2 centaurs
  2 crocodiles
  A wyvern skeleton (Crypt:2)
  A polar bear zombie (Crypt:1)
  2 killer bees (Spider:4)
  A warg skeleton (Crypt:1)
  A quasit (Depths:2)
  An iron imp (Depths:2)
  2 orc wizards (Vaults:1)
  3 orc priests
  4 orcs
  A fungus (Lair:5)
  2 plants (Lair:6)
204 creatures vanquished.

Vanquished Creatures (others)
  A stone giant (Depths:1)
  A yaktaur captain (Vaults:3)
  A cyclops (D:14)
  6 yaktaurs
  A water elemental (Elf:1)
  An orc warrior (Vaults:4)
  A killer bee (Spider:4)
  3 white imps (IceCv)
  3 ufetubi (IceCv)
  A kobold (D:8)
  5 bushes
  10 fungi
  12 plants
46 creatures vanquished.

Grand Total: 2249 creatures vanquished

Notes
Turn   | Place    | Note
-------+----------+-------------------------------------------
     0 | D:1      | nubinia the Tengu Conjurer began the quest for the Orb.
     0 | D:1      | Reached XP level 1. HP: 10/10 MP: 4/4
   142 | D:1      | Reached XP level 2. HP: 15/15 MP: 3/6
   729 | D:1      | Reached skill level 6 in Conjurations
   781 | D:1      | Reached XP level 3. HP: 16/19 MP: 1/7
  1424 | D:2      | Reached XP level 4. HP: 24/24 MP: 6/8
  1653 | D:2      | Learned a level 4 spell: Iskenderun's Mystic Blast
  1995 | D:3      | Noticed junb69's ghost (amateur MfTm)
  2106 | D:3      | Found a glowing drain.
  2187 | Sewer    | Entered a sewer
  2297 | Sewer    | Gained mutation: You can fly. [Tengu growth]
  2297 | Sewer    | Reached XP level 5. HP: 28/28 MP: 8/10
  3065 | Sewer    | Reached skill level 7 in Conjurations
  3304 | D:3      | Found a snail-covered altar of Cheibriados.
  3342 | D:3      | Found a shattered altar of Ashenzari.
  3343 | D:3      | Found a glowing golden altar of the Shining One.
  3345 | D:3      | Found an opulent altar of Gozag.
  3345 | D:3      | Found a burning altar of Makhleb.
  3345 | D:3      | Found an iron altar of Okawaru.
  3346 | D:3      | Found a deep blue altar of Sif Muna.
  3357 | D:3      | Became a worshipper of Sif Muna the Loreminder
  3362 | D:3      | Learned a level 3 spell: Dazzling Spray
  3713 | D:3      | Reached XP level 6. HP: 19/33 MP: 6/11
  3781 | D:3      | Reached skill level 8 in Conjurations
  4630 | D:4      | Found a stormy altar of Qazlal.
  4965 | D:4      | Reached * piety under Sif Muna
  5269 | D:4      | Reached skill level 9 in Conjurations
  5269 | D:4      | Reached XP level 7. HP: 37/37 MP: 3/12
  5813 | D:5      | Entered Level 5 of the Dungeon
  5873 | D:5      | Noticed Grinder
  5875 | D:5      | Killed Grinder
  5875 | D:5      | Reached skill level 10 in Conjurations
  5894 | D:5      | Found a staircase to the Ecumenical Temple.
  5917 | D:5      | Reached skill level 11 in Conjurations
  6155 | D:5      | Reached XP level 8. HP: 42/42 MP: 4/13
  6295 | D:5      | Reached ** piety under Sif Muna
  6564 | D:5      | Learned a level 5 spell: Iskenderun's Battlesphere
  6726 | D:5      | Reached skill level 12 in Conjurations
  7025 | D:6      | Found an iron altar of Okawaru.
  7121 | D:6      | Reached skill level 1 in Charms
  7245 | D:6      | Found a sand-covered staircase.
  7250 | Ossuary  | Entered an ossuary
  8468 | D:6      | Reached skill level 13 in Conjurations
  8740 | D:6      | Reached *** piety under Sif Muna
  8874 | D:6      | Reached XP level 9. HP: 46/46 MP: 9/14
  9268 | D:6      | Upgraded the game from 0.20-a0-303-g575bbf7 to 0.20-a0-309-gcba9277
  9334 | D:7      | Found a shadowy altar of Dithmenos.
  9345 | D:7      | Reached skill level 14 in Conjurations
  9659 | D:7      | Reached skill level 1 in Short Blades
 10111 | D:7      | Noticed Dowan
 10156 | D:7      | Killed Dowan
 10156 | D:7      | Reached skill level 1 in Fighting
 10797 | D:8      | Reached skill level 15 in Conjurations
 11027 | D:8      | Reached **** piety under Sif Muna
 11131 | D:8      | Reached XP level 10. HP: 52/52 MP: 10/18
 11188 | D:8      | Reached skill level 5 in Spellcasting
 11674 | D:8      | Found a hazy altar of Hepliaklqana.
 11675 | D:8      | Found a shimmering altar of Xom.
 11675 | D:8      | Noticed a caustic shrike
 11676 | D:8      | Noticed a caustic shrike
 11676 | D:8      | Noticed a spectral ugly thing
 11778 | D:8      | Noticed Pikel
 11836 | D:8      | Killed Pikel
 13138 | D:9      | Found a staircase to the Lair.
 13191 | D:9      | Noticed a moth of wrath
 13194 | D:9      | Found a bloodstained altar of Trog.
 13394 | Lair:1   | Entered Level 1 of the Lair of Beasts
 13414 | Lair:1   | Noticed a spiny frog
 13417 | Lair:1   | Killed a spiny frog
 13417 | Lair:1   | Reached ***** piety under Sif Muna
 13417 | Lair:1   | Received a gift from Sif Muna
 13417 | Lair:1   | Reached skill level 16 in Conjurations
 13774 | Lair:1   | Reached XP level 11. HP: 56/56 MP: 23/23
 14180 | Lair:2   | Found a labyrinth entrance.
 14195 | Lab      | Entered a labyrinth
 14265 | Lab      | Noticed a minotaur
 14271 | Lab      | Killed a minotaur
 14278 | Lab      | Identified the Almanac of Shifting Black Secrets
 14572 | Lair:2   | Reached skill level 17 in Conjurations
 14694 | Lair:2   | Found a hole to the Spider Nest.
 15023 | Lair:2   | Reached skill level 10 in Spellcasting
 15049 | Lair:1   | Identified Sif Muna's Grimoire of Damage Dealing (Sif Muna gifted it to you on level 1 of the Lair of Beasts)
 15049 | Lair:1   | Received a gift from Sif Muna
 15064 | Lair:1   | Learned a level 3 spell: Mephitic Cloud
 15228 | Lair:2   | Reached skill level 1 in Armour
 15278 | Lair:1   | Reached XP level 12. HP: 42/62 MP: 10/27
 15911 | Lair:3   | Reached skill level 1 in Air Magic
 16040 | Lair:3   | Gained mutation: Your mind is acute. (Int +2) [potion of mutation]
 16040 | Lair:3   | Gained mutation: You evolve. [potion of mutation]
 16040 | Lair:3   | Gained mutation: You possess an exceptional clarity of mind. [potion of mutation]
 16257 | Lair:3   | Noticed an eight-headed hydra
 16263 | Lair:3   | Killed an eight-headed hydra
 16263 | Lair:3   | Reached skill level 18 in Conjurations
 17061 | Lair:4   | Received a gift from Sif Muna
 17066 | Lair:4   | Learned a level 2 spell: Swiftness
 17072 | Lair:4   | Learned a level 5 spell: Lightning Bolt
 17236 | Lair:4   | Learned a level 5 spell: Fireball
 17318 | Lair:4   | Noticed a catoblepas
 17501 | Lair:4   | Noticed a four-headed hydra
 17551 | Lair:4   | Reached skill level 1 in Fire Magic
 17817 | Lair:3   | Killed a catoblepas
 17819 | Lair:3   | Reached XP level 13. HP: 59/67 MP: 15/29
 17942 | Lair:4   | Learned a level 1 spell: Animate Skeleton
 18040 | Lair:4   | Reached skill level 1 in Necromancy
 18212 | Lair:4   | Identified Sif Muna's Compendium of Damaging Execration (Sif Muna gifted it to you on level 4 of the Lair of Beasts)
 18212 | Lair:4   | Received a gift from Sif Muna
 18222 | Lair:4   | Reached skill level 19 in Conjurations
 18599 | Lair:4   | Got a polished ring mail
 18600 | Lair:4   | Gained mutation: You are resistant to hostile enchantments. (MR+) [evolution]
 18610 | Lair:4   | Identified the +1 ring mail of Evolution {Int+2} (You found it on level 4 of the Lair of Beasts)
 18639 | Lair:4   | Reached skill level 5 in Air Magic
 18729 | Lair:4   | Found a staircase to the Swamp.
 19653 | Lair:6   | Entered Level 6 of the Lair of Beasts
 19655 | Lair:6   | Found a dark tunnel.
 19706 | Volcano  | Entered a volcano
 19727 | Volcano  | Reached skill level 1 in Long Blades
 19734 | Volcano  | Identified Sif Muna's Disquisition on the Mountains and Toxins (Sif Muna gifted it to you in a volcano)
 19734 | Volcano  | Received a gift from Sif Muna
 19839 | Volcano  | Found a radiant altar of Vehumet.
 19851 | Volcano  | Noticed a red draconian
 19897 | Volcano  | HP: 3/68 [centaur warrior/arrow (4)]
 19980 | Volcano  | Killed a red draconian
 20151 | Volcano  | Gained mutation: You can fly continuously. [Tengu growth]
 20151 | Volcano  | Reached XP level 14. HP: 72/72 MP: 27/31
 20591 | Lair:6   | Found a staircase to the Slime Pits.
 20591 | Lair:6   | Found a viscous altar of Jiyva.
 20630 | Lair:6   | Reached skill level 5 in Fire Magic
 20630 | Lair:6   | Reached skill level 1 in Invocations
 20630 | Lair:6   | Reached XP level 15. HP: 76/76 MP: 33/33
 20785 | Lair:6   | Reached ****** piety under Sif Muna
 20785 | Lair:6   | Identified Zuph's Compendium of Enhancements (Sif Muna gifted it to you on level 6 of the Lair of Beasts)
 20785 | Lair:6   | Received a gift from Sif Muna
 20926 | Lair:6   | Learned a level 4 spell: Sticky Flame
 21422 | Lair:6   | Reached skill level 10 in Air Magic
 21560 | Lair:6   | Learned a level 6 spell: Deflect Missiles
 21933 | D:10     | Entered Level 10 of the Dungeon
 21952 | D:10     | Identified the ring "Uvue" {rN+ MR- Dex+3 Stlth-} (You found it on level 10 of the Dungeon)
 22016 | D:10     | Found Ylufomaehi's Weapon Shoppe.
 22125 | D:10     | Noticed Erolcha
 22130 | D:10     | Killed Erolcha
 22240 | D:10     | Noticed Urug
 22262 | D:10     | Killed Urug
 22268 | D:10     | Lost mutation: Your mind is acute. (Int +2) [evolution]
 22315 | D:10     | Found Keutys's Book Shoppe.
 22420 | D:10     | Found Xiumn's Antique Armour Shop.
 22429 | D:10     | Bought an embroidered hat for 260 gold pieces
 22429 | D:10     | Bought a shiny buckler for 273 gold pieces
 22444 | D:10     | Bought a scorched leather armour for 182 gold pieces
 22444 | D:10     | Identified the +2 leather armour of Grace {rElec rPois Stlth+} (You bought it in a shop on level 10 of the Dungeon)
 22496 | D:10     | Noticed Fannar
 22502 | D:10     | Killed Fannar
 23084 | D:11     | Received a gift from Sif Muna
 23421 | D:11     | Found a staircase to the Orcish Mines.
 23629 | D:11     | Found a glowing golden altar of the Shining One.
 24011 | D:12     | Noticed Psyche
 24013 | D:12     | Killed Psyche
 24211 | D:12     | Noticed Frances
 24224 | D:12     | Killed Frances
 24582 | Orc:1    | Entered Level 1 of the Orcish Mines
 24964 | Orc:2    | Entered Level 2 of the Orcish Mines
 25253 | Orc:2    | Found Ocliq's Magic Scroll Boutique.
 25256 | Orc:2    | Found Ahourghish's Distillery.
 25766 | Orc:2    | Found a roughly hewn altar of Beogh.
 26081 | Orc:2    | Identified Udughuiq's Tome of Toxins and Curses (Sif Muna gifted it to you on level 2 of the Orcish Mines)
 26081 | Orc:2    | Received a gift from Sif Muna
 26163 | Orc:2    | Reached skill level 20 in Conjurations
 26366 | Orc:2    | Bought a scroll of enchant weapon for 90 gold pieces
 26472 | Orc:2    | Reached skill level 5 in Necromancy
 26586 | Orc:2    | Found a staircase to the Elven Halls.
 26872 | Orc:2    | Reached XP level 16. HP: 81/81 MP: 29/34
 27779 | Orc:2    | Found Woyn's Book Shoppe.
 27779 | Orc:2    | Found Urghauzukh's Antique Weapon Emporium.
 27779 | Orc:2    | Found a one-way gate leading to the halls of Pandemonium.
 28220 | Swamp:1  | Entered Level 1 of the Swamp
 28694 | Swamp:1  | Received a gift from Sif Muna
 30176 | Swamp:3  | Gained mutation: Scrolls take you a little longer to read. [evolution]
 30176 | Swamp:3  | Lost mutation: You evolve. [end of evolution]
 30275 | Lair:4   | Lost mutation: You possess an exceptional clarity of mind. [potion of cure mutation]
 30275 | Lair:4   | Lost mutation: Scrolls take you a little longer to read. [potion of cure mutation]
 30275 | Lair:4   | Lost mutation: You are resistant to hostile enchantments. (MR+) [potion of cure mutation]
 30334 | Lair:2   | Gained mutation: Your spells are a little harder to cast, but a little more powerful. [potion of mutation]
 30334 | Lair:2   | Gained mutation: Your muscles are strong. (Str +2) [potion of mutation]
 30334 | Lair:2   | Gained mutation: Scrolls take you a little longer to read. [potion of mutation]
 30387 | Lair:5   | Lost mutation: Your muscles are strong. (Str +2) [potion of cure mutation]
 30387 | Lair:5   | Lost mutation: Scrolls take you a little longer to read. [potion of cure mutation]
 30387 | Lair:5   | Lost mutation: Your spells are a little harder to cast, but a little more powerful. [potion of cure mutation]
 30786 | Swamp:3  | Noticed a thorn hunter
 30791 | Swamp:3  | Killed a thorn hunter
 30791 | Swamp:3  | Reached skill level 21 in Conjurations
 31129 | Swamp:3  | Received a gift from Sif Muna
 31270 | Swamp:4  | Entered Level 4 of the Swamp
 31279 | Swamp:4  | Noticed a thorn hunter
 31478 | Swamp:4  | Noticed a thorn hunter
 31644 | Swamp:4  | Paralysed by a hornet for 1 turns
 31894 | Swamp:3  | Killed a thorn hunter
 31894 | Swamp:3  | Reached skill level 1 in Shields
 32001 | Swamp:3  | Killed a thorn hunter
 32329 | Swamp:4  | Reached XP level 17. HP: 60/87 MP: 35/36
 33358 | Swamp:4  | Got a decaying rune of Zot
 33617 | Swamp:4  | Identified Menerec's Compendium of Attacks and Translocation (Sif Muna gifted it to you on level 4 of the Swamp)
 33617 | Swamp:4  | Received a gift from Sif Muna
 34087 | Spider:1 | Entered Level 1 of the Spider Nest
 34111 | Spider:1 | Noticed Yermak's ghost (journeyman GrWn)
 34123 | Spider:1 | Killed Yermak's ghost
 35046 | Spider:1 | Reached skill level 15 in Air Magic
 35240 | Lair:2   | Gained mutation: Your system is resistant to poisons. (rPois) [potion of mutation]
 35240 | Lair:2   | Gained mutation: You are agile. (Dex +2) [potion of mutation]
 35240 | Lair:2   | Gained mutation: You have sharp fingernails. [potion of mutation]
 35241 | Lair:2   | Gained mutation: Your mind is acute. (Int +2) [potion of mutation]
 35241 | Lair:2   | Gained mutation: You expend magic power (3 MP) to strengthen your wands. [potion of mutation]
 36727 | Spider:2 | Identified Avurph's Compendium of Fiery Stolen Souls (Sif Muna gifted it to you on level 2 of the Spider Nest)
 36727 | Spider:2 | Received a gift from Sif Muna
 36727 | Spider:2 | Reached skill level 5 in Stealth
 36727 | Spider:2 | Reached skill level 22 in Conjurations
 36734 | Spider:2 | Learned a level 5 spell: Bolt of Draining
 36922 | Lair:1   | Learned a level 5 spell: Iskenderun's Battlesphere
 38594 | Spider:2 | Reached skill level 15 in Spellcasting
 39103 | Spider:2 | Identified the cursed +1 chain mail of Zyfupn {rC+ rN+ Str+3 Dex-2} (You found it on level 2 of the Spider Nest)
 39171 | Spider:2 | Reached XP level 18. HP: 92/92 MP: 24/38
 39785 | Spider:3 | Identified Quygeof's Handbook of Battle Magic (Sif Muna gifted it to you on level 3 of the Spider Nest)
 39785 | Spider:3 | Received a gift from Sif Muna
 41029 | Spider:4 | Entered Level 4 of the Spider Nest
 42177 | Spider:4 | Received a gift from Sif Muna
 42187 | Spider:4 | Learned a level 4 spell: Summon Lightning Spire
 42600 | Spider:4 | Reached skill level 10 in Fire Magic
 44075 | Spider:4 | Reached skill level 1 in Evocations
 44343 | Spider:3 | HP: 4/92 [emperor scorpion (25)]
 44882 | Spider:4 | Reached skill level 5 in Charms
 45050 | Spider:4 | Reached skill level 23 in Conjurations
 45533 | Spider:4 | Got a gossamer rune of Zot
 46173 | Elf:1    | Entered Level 1 of the Elven Halls
 46512 | Elf:1    | Received a gift from Sif Muna
 46971 | Elf:1    | Reached XP level 19. HP: 87/97 MP: 3/39
 47381 | Elf:1    | Found Totat's Assorted Antiques.
 47628 | Elf:1    | Got a ring of the Octopus King
 47630 | Elf:1    | Identified a ring of the Octopus King {AC+1 EV+1 Str+1 Int+1 Dex+1 Stlth+} (You took it off a deep elf demonologist on level 1 of the Elven Halls)
 47964 | Elf:1    | Reached skill level 5 in Dodging
 48682 | Elf:2    | Found a deep blue altar of Sif Muna.
 48683 | Elf:2    | Found Beesunal's General Store.
 48949 | Elf:2    | Identified Sif Muna's Collected Works on Fiery Displacement (Sif Muna gifted it to you on level 2 of the Elven Halls)
 48949 | Elf:2    | Received a gift from Sif Muna
 48956 | Elf:2    | Learned a level 4 spell: Force Lance
 49251 | Elf:2    | Found Lythrula's Jewellery Shoppe.
 49252 | Elf:2    | Found Rahyri's Gadget Shop.
 49258 | Elf:2    | Found Athriyhewk's Jewellery Shoppe.
 49269 | Elf:2    | Upgraded the game from 0.20-a0-309-gcba9277 to 0.20-a0-315-g8346a86
 49312 | Elf:3    | Entered Level 3 of the Elven Halls
 49565 | Elf:3    | Cast into level 3 of the Abyss (a deep elf demonologist)
 49636 | Abyss:3  | Found a corrupted altar of Lugonu.
 49643 | Abyss:3  | Found a corrupted altar of Lugonu.
 49649 | Elf:3    | Escaped the Abyss
 49661 | Elf:3    | Identified the +2 robe of the City {rF+ Str+4} (You took it off a deep elf demonologist on level 3 of the Elven Halls)
 50236 | Elf:3    | Reached skill level 24 in Conjurations
 50650 | Elf:3    | Identified Okyo's Tome of Confrontation (Sif Muna gifted it to you on level 3 of the Elven Halls)
 50650 | Elf:3    | Received a gift from Sif Muna
 50653 | Elf:3    | Got a shimmering marble ring
 50654 | Elf:3    | Identified the +6 lajatang of the Original Sin {venom, +Rage} (You took it off a deep elf death mage on level 3 of the Elven Halls)
 51255 | Elf:3    | Identified the ring "Zoaqen" {rElec rC- MR+ Int+2 Dex+2 SInv} (You took it off a deep elf death mage on level 3 of the Elven Halls)
 51284 | Elf:3    | Noticed a Brimstone Fiend
 51298 | Elf:3    | HP: 4/97 [???[a deep elf demonologist] (1)]
 51933 | Elf:3    | Identified the Papyrus of the Rocks and the Blaze
 51937 | Elf:3    | Identified the Guide on Earthen Poison
 52039 | Elf:3    | Reached XP level 20. HP: 103/103 MP: 33/41
 52237 | Elf:3    | Got a heavily runed bone ring
 52242 | Elf:3    | Identified the ring of the Modern Cities {*Tele +Inv rC+} (You took it off a deep elf mage on level 3 of the Elven Halls)
 52505 | Elf:3    | Identified the +2 robe "Ibeunot" {rElec Str+6 Dex-3 Slay+5} (You took it off a deep elf annihilator on level 3 of the Elven Halls)
 53235 | D:13     | Found a frozen archway.
 53248 | D:13     | Learned a level 3 spell: Inner Flame
 53249 | IceCv    | Entered an ice cave
 53819 | D:13     | Found a portal to a secret trove of treasure.
 54742 | D:13     | Noticed Josephine
 54746 | D:13     | Killed Josephine
 55029 | D:13     | Identified Dofosets's Volume of the Blaze and Conjuration (Sif Muna gifted it to you on level 13 of the Dungeon)
 55029 | D:13     | Received a gift from Sif Muna
 55325 | D:13     | Found a gate to the Vaults.
 55489 | Vaults:1 | Entered Level 1 of the Vaults
 55903 | Vaults:1 | Noticed Asterion
 55927 | Vaults:1 | Killed Asterion
 55927 | Vaults:1 | Reached skill level 5 in Armour
 56042 | Vaults:1 | Reached skill level 25 in Conjurations
 56792 | Vaults:1 | Reached skill level 1 in Summonings
 57110 | Vaults:1 | Identified Sif Muna's Disquisition on Black Rites (Sif Muna gifted it to you on level 1 of the Vaults)
 57110 | Vaults:1 | Received a gift from Sif Muna
 58404 | Vaults:2 | Reached XP level 21. HP: 108/108 MP: 8/42
 58898 | Vaults:2 | Noticed Sojobo
 58994 | Vaults:2 | Killed Sojobo
 59405 | Vaults:2 | Identified Sif Muna's Disquisition on Confrontation (Sif Muna gifted it to you on level 2 of the Vaults)
 59405 | Vaults:2 | Received a gift from Sif Muna
 59809 | Lair:1   | Learned a level 7 spell: Delayed Fireball
 60247 | Vaults:2 | Reached skill level 5 in Summonings
 60575 | Vaults:2 | Noticed Frederick
 60579 | Vaults:2 | Killed Frederick
 61060 | Vaults:2 | Reached skill level 26 in Conjurations
 61663 | Vaults:3 | Identified Sif Muna's Papyrus of Companions and Transmigration (Sif Muna gifted it to you on level 3 of the Vaults)
 61663 | Vaults:3 | Received a gift from Sif Muna
 61703 | Vaults:3 | Noticed Saint Roka
 62796 | Vaults:3 | Reached XP level 22. HP: 112/112 MP: 39/44
 63021 | Vaults:3 | Found a staircase to the Crypt.
 63059 | Vaults:3 | Killed Saint Roka
 63218 | Vaults:3 | Lost mutation: Your mind is acute. (Int +2) [potion of cure mutation]
 63218 | Vaults:3 | Lost mutation: You expend magic power (3 MP) to strengthen your wands. [potion of cure mutation]
 63218 | Vaults:3 | Lost mutation: Your system is resistant to poisons. (rPois) [potion of cure mutation]
 63218 | Vaults:3 | Lost mutation: You have sharp fingernails. [potion of cure mutation]
 63218 | Vaults:3 | Lost mutation: You are agile. (Dex +2) [potion of cure mutation]
 63345 | Vaults:2 | Gained mutation: Your spells are a little harder to cast, but a little more powerful. [potion of mutation]
 63345 | Vaults:2 | Gained mutation: You are resistant to hostile enchantments. (MR+) [potion of mutation]
 63345 | Vaults:2 | Gained mutation: Your mind is acute. (Int +2) [potion of mutation]
 63881 | Vaults:3 | Identified Sif Muna's Grimoire of the Tundras (Sif Muna gifted it to you on level 3 of the Vaults)
 63881 | Vaults:3 | Received a gift from Sif Muna
 64852 | Vaults:4 | Found a shadowy altar of Dithmenos.
 64861 | Vaults:4 | Identified the cursed +1 robe of the Tarantula {*Drain rN+ Dex+8 Stlth+} (You found it on level 4 of the Vaults)
 65080 | Vaults:4 | Upgraded the game from 0.20-a0-315-g8346a86 to 0.20-a0-331-g5b3579f
 65202 | Vaults:2 | Learned a level 2 spell: Blink
 65958 | Vaults:4 | Received a gift from Sif Muna
 66013 | Vaults:4 | Found Yjybb's Antique Weapon Shoppe.
 66020 | Vaults:4 | Bought a steaming flail for 382 gold pieces
 66020 | Vaults:4 | Identified the +7 flail of the Revolution {holy, Int+2 Stlth+} (You bought it in a shop on level 4 of the Vaults)
 66597 | D:14     | Noticed Louise
 66616 | D:14     | Killed Louise
 66870 | D:14     | Reached skill level 5 in Long Blades
 67774 | Crypt:1  | Entered Level 1 of the Crypt
 68365 | Crypt:1  | Reached skill level 27 in Conjurations
 70075 | Crypt:1  | Reached XP level 23. HP: 116/116 MP: 45/45
 70447 | Crypt:2  | Found a magical portal.
 70520 | WizLab   | Entered The Hall of the Hellbinder
 70589 | WizLab   | Identified Sif Muna's Papyrus of the Glacial Arsonist (Sif Muna gifted it to you in a wizard's laboratory)
 70589 | WizLab   | Received a gift from Sif Muna
 71265 | WizLab   | Found a burning altar of Makhleb.
 71283 | WizLab   | Identified the Almanac of Summoning
 71307 | WizLab   | Identified Mnoleg's Handbook of Companions
 71516 | Crypt:2  | Identified a +1 rod of shadows (12/12) (You found it in a wizard's laboratory)
 72722 | Crypt:3  | Entered Level 3 of the Crypt
 73553 | Crypt:3  | Reached skill level 1 in Translocations
 74041 | Crypt:3  | Identified Sif Muna's Volume of Summoning (Sif Muna gifted it to you on level 3 of the Crypt)
 74041 | Crypt:3  | Received a gift from Sif Muna
 75532 | Crypt:3  | Reached skill level 10 in Summonings
 75678 | Crypt:3  | Noticed an ancient lich
 75683 | Crypt:3  | Killed an ancient lich
 75793 | Crypt:3  | Found an ancient bone altar of Kikubaaqudgha.
 76045 | Crypt:3  | Got a fine silver ring
 76046 | Crypt:3  | Identified the ring of Xom's Malicious Joy {*Tele rC+ Str+5 Dex+2 Stlth-} (You took it off a skeletal warrior on level 3 of the Crypt)
 76094 | Crypt:3  | Reached skill level 15 in Fire Magic
 76094 | Crypt:3  | Reached XP level 24. HP: 98/123 MP: 14/46
 76280 | Crypt:3  | Identified the Guide on Evil Secrets
 76355 | Crypt:3  | Found a staircase to the Tomb.
 76419 | Crypt:3  | Identified Sif Muna's Guide on Excruciating Companions (Sif Muna gifted it to you on level 3 of the Crypt)
 76419 | Crypt:3  | Received a gift from Sif Muna
 76742 | D:15     | Entered Level 15 of the Dungeon
 76763 | D:15     | Reached skill level 5 in Shields
 76763 | D:15     | Reached XP level 25. HP: 127/127 MP: 46/46
 77374 | D:15     | Found a staircase to the Depths.
 77875 | Depths:1 | Entered Level 1 of the Depths
 78329 | Depths:1 | Learned a level 7 spell: Spellforged Servitor
 78681 | Depths:1 | Found a gateway to Hell.
 78995 | Depths:1 | Found a one-way gate to the infinite horrors of the Abyss.
 79192 | Depths:1 | Received a gift from Sif Muna
 79532 | Depths:2 | Noticed a juggernaut
 79567 | Depths:2 | Killed a juggernaut
 80603 | Depths:2 | Noticed a juggernaut
 80616 | Depths:2 | Killed a juggernaut
 81291 | Depths:2 | Found a basalt altar of Yredelemnul.
 81320 | Depths:2 | Identified Sif Muna's Incunabulum of Hurtful Air (Sif Muna gifted it to you on level 2 of the Depths)
 81320 | Depths:2 | Received a gift from Sif Muna
 81322 | Depths:2 | Upgraded the game from 0.20-a0-331-g5b3579f to 0.20-a0-345-gbfb25ec
 81322 | Depths:2 | Upgraded the game from 0.20-a0-345-gbfb25ec to 0.20-a0-351-gc9b4002
 81443 | Depths:2 | Upgraded the game from 0.20-a0-351-gc9b4002 to 0.20-a0-492-g6327889
 81443 | Depths:2 | Quit the game

Vault maps used:
D:1:      doesnt_arrival_goblin_jail, minmay_split_cup_small
D:3:      kennysheep_big_flooded_room, grunt_temple_overflow_open,
          gup_sewer_entry_pipe
D:4:      nicolae_overflow_crystal_walls, first_bread, hangedman_decor_opposing,
          serial_bayou_pond_c
D:5:      uniq_grinder
D:6:      nicolae_ossuary_entry_ruins, columned_hall_lemuel,
          okawaru_ov_weapons_minmay
D:7:      black_bear_nest_1, nicolae_dithmenos_the_darkroom, uniq_duvessa
D:8:      regret_index_temple_of_mockery, minmay_door_square, uniq_pikel
D:9:      tgw_trog, grunt_lair_entry_orc_guard_hut
D:10:     serial_shops, shop, shop, shop, uniq_urug, uniq_fannar, uniq_erolcha
D:11:     david_orc_1_choice, basic_altar, blue_anna_alchemist, st_stairs_7,
          nrook_mini_backslash
D:12:     cheibrodos_helix_gallery, uniq_frances, uniq_psyche
D:13:     grunt_vaults_entry_tiered, serial_ice, serial_ice_k, serial_ice_e,
          serial_ice_d, serial_ice_n, portal_ice_cave_entry_pillars_1,
          enter_trove_0, uniq_josephine
D:14:     uniq_louise
D:15:     gammafunk_enter_depths_forms
Lair:2:   spider_nest_entry_rubble, lab_entry_generic, serial_bayou_shore_b,
          grunt_megastairs_5
Lair:3:   serial_bayou_shore_b
Lair:4:   minmay_swamp_entry_worms, beast_lair_carwin_2
Lair:5:   serial_bayou_lagoon_a
Lair:6:   grunt_lair_end_beastmaster, slime_altar_1, enter_volcano_1
Swamp:1:  hangedman_swamp_ruin_hall
Swamp:2:  evilmike_swamp_ruin_house_6, swamp_pool1
Swamp:3:  nicolae_swamp_round_clearing
Swamp:4:  swamp_alternative
Spider:2: nicolae_spider_mines_1, nicolae_crawler_farm,
          hangedman_spider_tarantella_strand
Spider:4: grunt_spider_rune_circles, special_room
Orc:2:    pf_orc_diabolical, mines2_david
Elf:1:    eino_elf_arrival_sip, serial_shops, nicolae_shop_statue_plus,
          orc_legates
Elf:2:    serial_shops, shop, basic_altar, minmay_shop_grove, uniq_donald
Elf:3:    minmay_elf_hall_curves, serial_sigils_hangedman_quiver,
          corner_web_ring
Vaults:1: hangedman_vaults_stream, hangedman_vaults_stretched_pinwheel,
          hangedman_vaults_trim, v_misc_9, v_pattern_1, vaults_room_fours,
          st_cross, v_misc_13, vaults_room_stairs_pillars, v_misc_15,
          uniq_asterion
Vaults:2: nicolae_vaults_lopsided_apartments, hangedman_vaults_stagger,
          hangedman_vaults_trim, v_rooms_6, nicolae_vaults_specimen_jars,
          uniq_frederick, uniq_sojobo
Vaults:3: nicolae_vaults_little_squares_2, minmay_crypt_entry_simple_plaza,
          nicolae_vaults_statue_guard, ontoclasm_vaults_eye, vaults_dpeg_hooks,
          nicolae_vaults_circle_grid_b, vaults_mumra_minichess,
          nicolae_vaults_gold_heap, nicolae_vaults_border_crossing,
          grunt_vaults_hallway_short, uniq_saint_roka
Vaults:4: v_pattern_3, ontoclasm_vaults_loading_screen, v_misc_32,
          ontoclasm_vaults_idyll, nicolae_vaults_circle_grid_b, serial_shops,
          shop, basic_altar
Crypt:1:  grunt_ministairs_1, skrybe_necro_troll_2
Crypt:2:  infiniplex_enter_wizlab_glasses
Crypt:3:  cryptofortress_bobbens
Depths:1: abyss_entry, lemuel_round_altar, hell_entry, minmay_misc_feat_x,
          lemuel_flamethrower_2
Depths:2: thingy_vault, grunt_pan_entry_sceptre, hell_entry, lemuel_round_altar,
          infiniplex_staircase_pillars_3b, serial_bayou_shore_b
Abyss:3:  doesnt_abyss_rune_brain_food, hangedman_abyss_or_decor_clamps
Lab:      labyrinth_green, nicolae_lab_x, nicolae_lab_swirl, lab_hedge
Sewer:    sewer_fruit_machine
Ossuary:  ossuary_crypta
IceCv:    ice_cave_small_demon
Volcano:  volcano_grotto
WizLab:   wizlab_demon

Skill      XL: |  1  2  3  4  5  6  7  8  9 10 11 12 13 14 15 16 17 18 19 20 21 22 23 24 25 |
---------------+----------------------------------------------------------------------------+-----
Conjurations   | 6 7 9 11 13 15 16 17 18 19 20 21 22 23 24 25 26 27 | 27.0
Spellcasting   | 3 4 7 10 11 12 13 14 15 16 17 18 19 | 19.8
Charms         | 2 3 4 5 6 7 |  7.8
Stealth        | 3 4 5 6 |  6.6
Short Blades   | 1 |  1.6
Fighting       | 1 2 3 4 |  4.3
Dodging        | 3 4 5 6 |  6.3
Armour         | 1 2 3 4 5 6 7 |  7.0
Air Magic      | 4 5 6 13 14 15 16 17 18 19 20 | 20.8
Fire Magic     | 1 4 5 6 7 9 10 11 12 13 14 15 | 15.6
Necromancy     | 3 4 5 6 |  6.6
Long Blades    | 1 2 3 4 5 |  5.4
Invocations    | 1 |  1.7
Shields        | 1 2 3 4 5 |  5.6
Evocations     | 1 |  1.8
Summonings     | 3 6 8 10 11 | 11.7
Translocations | 2 3 |  3.4
Polearms       | |  0.4

Action                   |  1- 3 |  4- 6 |  7- 9 | 10-12 | 13-15 | 16-18 | 19-21 | 22-24 | 25-27 || total
-------------------------+-------+-------+-------+-------+-------+-------+-------+-------+-------++-------
Melee: Short sword       |    10 |    67 |    60 |       |       |       |       |       |       ||   137
       Kick              |     3 |    15 |    12 |     6 |    84 |    91 |    84 |    49 |       ||   344
       Peck              |       |     8 |    13 |     3 |    72 |    71 |    56 |    23 |       ||   246
       Staff             |       |       |     2 |       |       |     1 |     1 |       |       ||     4
       Spear             |       |       |     3 |       |       |       |       |       |       ||     3
       Falchion          |       |       |       |    12 |   247 |   217 |   160 |   127 |       ||   763
 Cast: Magic Dart        |    54 |   161 |   150 |   164 |   293 |   456 |   505 |   342 |   167 ||  2292
       Iskenderun's Myst |       |     4 |    56 |    84 |   115 |   380 |   226 |   271 |    99 ||  1235
       Iskenderun's Batt |       |       |    21 |    84 |   127 |   252 |   205 |   178 |    67 ||   934
       Dazzling Spray    |       |       |       |    60 |    41 |    93 |     5 |       |       ||   199
       Mephitic Cloud    |       |       |       |    10 |   114 |   127 |    70 |    16 |    10 ||   347
       Fireball          |       |       |       |     2 |    10 |    39 |    75 |    82 |    33 ||   241
       Animate Skeleton  |       |       |       |       |   127 |    47 |       |       |       ||   174
       Sticky Flame      |       |       |       |       |     4 |    44 |    21 |    14 |     4 ||    87
       Deflect Missiles  |       |       |       |       |     2 |     2 |     6 |     1 |     4 ||    15
       Swiftness         |       |       |       |       |     1 |       |     2 |       |       ||     3
       Lightning Bolt    |       |       |       |       |       |     4 |       |     7 |     1 ||    12
       Bolt of Draining  |       |       |       |       |       |    16 |   109 |    21 |    14 ||   160
       Summon Lightning  |       |       |       |       |       |     2 |    38 |    32 |    22 ||    94
       Force Lance       |       |       |       |       |       |       |    52 |   207 |    46 ||   305
       Delayed Fireball  |       |       |       |       |       |       |     4 |     7 |     1 ||    12
       Spellforged Servi |       |       |       |       |       |       |       |       |     6 ||     6
Invok: Divine Energy     |       |     1 |       |       |       |       |       |       |       ||     1
       Channel Magic     |       |       |       |       |     1 |       |     2 |       |       ||     3
 Abil: Fly               |       |    13 |    18 |    38 |    14 |       |     1 |       |     1 ||    85
       Release Delayed F |       |       |       |       |       |       |     3 |     8 |       ||    11
       Stop Flying       |       |       |       |       |       |       |     1 |       |     2 ||     3
Evoke: Wand              |       |       |       |     7 |     3 |    12 |     3 |    13 |     2 ||    40
       Lamp of fire      |       |       |       |       |     1 |     2 |       |     1 |       ||     4
  Use: Scroll            |     4 |    12 |    13 |     9 |    16 |     9 |    15 |     8 |     1 ||    87
       Potion            |       |     2 |     1 |     3 |     4 |     9 |     3 |     3 |       ||    25
 Stab: Sleeping          |       |     3 |     4 |       |     2 |     1 |     2 |       |       ||    12
       Distracted        |       |       |     1 |       |       |     1 |       |       |       ||     2
       Confused          |       |       |       |     1 |    21 |    25 |    28 |     1 |       ||    76
       Invisible         |       |       |       |       |       |     6 |       |       |       ||     6
       Held in net/web   |       |       |       |       |       |       |     1 |       |       ||     1
  Eat: Chunk             |     2 |    15 |    26 |    42 |    46 |    44 |    41 |    32 |    12 ||   260
       Royal jelly       |       |       |     1 |     2 |       |     6 |       |       |       ||     9
       Beef jerky        |       |       |     5 |     2 |     1 |       |       |       |       ||     8
       Fruit             |       |       |     2 |     3 |     3 |     6 |       |     3 |       ||    17
       Pizza             |       |       |       |     1 |       |     1 |     1 |     1 |       ||     4
       Meat ration       |       |       |       |       |       |     4 |       |     1 |       ||     5
       Bread ration      |       |       |       |       |       |     1 |     1 |     1 |       ||     3
Armor: Robe              |     1 |    12 |     8 |     9 |       |       |       |       |       ||    30
       Troll leather arm |       |       |       |    27 |    11 |       |       |       |       ||    38
       Ring mail         |       |       |       |       |    44 |       |       |       |       ||    44
       Leather armour    |       |       |       |       |    36 |   228 |    69 |   112 |     8 ||   453
Dodge: Dodged            |     9 |    44 |    46 |    62 |   134 |   385 |   224 |   247 |    26 ||  1177
       Deflected         |       |       |       |       |     5 |     8 |    60 |    30 |    24 ||   127
Block: Buckler           |       |       |       |    11 |    40 |   125 |   108 |   125 |    18 ||   427
       Reflection        |       |       |       |       |       |       |    11 |     9 |    14 ||    34
       Rpst.: Falchion   |       |       |       |     1 |    27 |    28 |    24 |    46 |       ||   126
